 Dungeon Crawl Stone Soup version 0.31-a0-574-g69dc8cc98e (webtiles) character file.

Game seed: 17731975961940344445

16 avis the Scratcher (level 2, -2/12 HPs)
             Began as a Felid Shapeshifter on Aug 18, 2023.
             Slain by a gnoll
             ... wielding a +0 club
              (8 damage)
             ... on level 1 of the Dungeon.
             The game lasted 00:02:35 (257 turns).

avis the Scratcher (Felid Shapeshifter)              Turns: 257, Time: 00:02:35

Health: -2/12      AC:  1    Str: 11    XL:     2   Next: 41%
Magic:  3/3        EV: 17    Int:  9    God:
Gold:   32         SH:  0    Dex: 16    Spells: 1/1 levels left
                                        Lives:  0   Deaths: 0

rFire   . .          .
                       - Unarmed
rCold   . . .        (shield unavailable)
rNeg    . . .        (body armour unavailable)
rPois   .            (helmet unavailable)
rElec   .            (cloak unavailable)
rCorr   .            (gloves unavailable)
SInv    +            (boots unavailable)
Will    .....        (no amulet)
Stlth   ++           h - ring of wizardry
HPRegen 0.22/turn    (no ring)
MPRegen 0.08/turn

%: wizardry (x1)
@: beast-form, quick
A: beast (slay +2), very small, claws 1, fangs 3, see invisible, speed 1, shaggy
fur 1, stealthy paws, no weapons or thrown items, no armour, multi-lived
a: Begin Untransformation


You were on level 1 of the Dungeon.
You were a hulking beast.
You visited 1 branch of the dungeon, and saw 1 of its levels.

You collected 32 gold pieces.

Inventory:

Jewellery
 h - a ring of wizardry (left paw)
Talismans
 b - a beast talisman (active)
 c - a flux talisman
Scrolls
 d - 3 scrolls of brand weapon {unknown}
 e - 3 scrolls of identify {unknown}
Potions
 a - a potion of lignification
 f - 2 potions of haste {unknown}
 g - a potion of heal wounds {unknown}


   Skills:
 - Level 1.0 Fighting
 + Level 3.1 Dodging
 + Level 0.6 Stealth
 * Level 3.5 Unarmed Combat
 - Level 3.2 Shapeshifting


You had one spell level left.
You didn't know any spells.
Your spell library was empty.

Dungeon Overview and Level Annotations

Branches:
Dungeon (1/15)

Altars:


Innate Abilities, Weirdness & Mutations

You are a hulking beast.
Your limbs bulge with bestial killing power. (Slay +2)
You have sharp claws.
You have razor-sharp teeth.
You have supernaturally acute eyesight. (SInv)
You cover ground quickly. (Speed+)
You are covered in fur. (AC +1)
Your paws help you pounce on unaware monsters.
You are incapable of wielding weapons or throwing items.
You cannot wear armour.
You gain extra lives every three experience levels.


Message History

You scratch the ball python. You bite the ball python.
You kill the ball python!
You start resting.
HP restored.
h - a ring of wizardry (left paw)
Found a sling. 2 goblins come into view.
You pounce on the unaware helpless goblin!
You claw the goblin!
You kill the goblin!
The goblin shouts!
Things that are here:
a +4 dagger; a goblin corpse You scratch the goblin.
You bite the goblin.
You kill the goblin!
A rat comes into view.
Things that are here:
a +0 club; a goblin corpse A rat is nearby!
The rat bites you.
You scratch the rat.
You kill the rat!
You see here a rat corpse.
A giant cockroach comes into view.
A gnoll comes into view. It is wielding a +0 club.
You closely miss the giant cockroach.
The gnoll shouts!
The giant cockroach bites you.
You barely miss the giant cockroach. The giant cockroach misses you. x2
You closely miss the giant cockroach. The giant cockroach bites you.
You barely miss the giant cockroach. The giant cockroach bites you.
You scratch the giant cockroach.
You kill the giant cockroach!
You closely miss the gnoll. The gnoll barely misses you.
You completely miss the gnoll. The gnoll hits you with a +0 club.
You scratch the gnoll.
The gnoll is moderately wounded.
The gnoll hits you with a +0 club!
Ouch! That really hurt!
You die...

# ##
####+##########.#######
#............##........
#............#####...##
#............# #...##
##............# ###.))##
.....$........###......#
##.............†.......#
#.....gh...............#
....###...##.....#######
# .......##.....# #...
#..####...####.# #... ##
≈~~~≈ #.# #... #...##
#.# #### ...#. ... .
...#.. .. ...


You could see a gnoll.

Vanquished Creatures
  4 ball pythons (D:1)
  An endoplasm (D:1)
  2 giant cockroaches (D:1)
  2 goblins (D:1)
  2 jackals (D:1)
  2 bats (D:1)
  2 rats (D:1)
15 creatures vanquished.

Notes
Turn   | Place    | Note
-------+----------+-------------------------------------------
     0 | D:1      | avis the Felid Shapeshifter began the quest for the Orb.
     0 | D:1      | Reached XP level 1. HP: 9/9 MP: 2/2
   140 | D:1      | Reached XP level 2. HP: 12/12 MP: 3/3
   257 | D:1      | Slain by a gnoll

Illustrated notes

Levels and vault maps discovered:
D:1:      lemuel_arrival_room, layout_basic, serial_rivers,
          chequers_serial_rivers_micro_a, chequers_serial_rivers_marsh,
          chequers_serial_rivers_micro_a, chequers_serial_rivers_micro_d,
          chequers_serial_rivers_room_b

Skill      XL: |  1 |
---------------+----+-----
Dodging        | 3 |  3.1
Fighting       | |  1.0
Stealth        | |  0.6
Unarmed Combat | |  3.5
Shapeshifting  | |  3.2

Action                     || total
---------------------------++-------
  Melee: Unarmed           ||    33
         Bite              ||     4
   Stab: Sleeping          ||     1
  Dodge: Dodged            ||    13

Table legend: (Time is in decaauts)
 A = Elapsed time spent in this place.
 B = Non-inter-level travel time spent in this place.
 C = Inter-level travel time spent in this place.
 D = Time resting spent in this place.
 E = Time spent auto-exploring this place.
 F = Levels seen in this place.
 G = Mean time per level.
                   A        B        C        D        E       F      G
               +--------+--------+--------+--------+--------+-----+--------+
         Total |    219 |    219 |      0 |     18 |     89 |   1 |  219.0 |
       Dungeon |    219 |    219 |      0 |     18 |     89 |   1 |  219.0 |
               +--------+--------+--------+--------+--------+-----+--------+

Top non-repeatable levels by time:
     D:1: 219 daAuts
